 Dungeon Crawl Stone Soup version 0.27.0-1-g7a089689b8 (webtiles) character file.

Game seed: 5636074116221730437

54 Spaninq the Skirmisher (level 4, 0/37 HPs)
             Began as a Formicid Berserker on July 31, 2021.
             Was a Follower of Trog.
             Slain by Terence (1 damage)
             ... on level 3 of the Dungeon.
             The game lasted 00:05:07 (2697 turns).

Spaninq the Skirmisher (Formicid Berserker)         Turns: 2697, Time: 00:05:08

Health: 0/37       AC:  5    Str: 23    XL:     4   Next: 12%
Magic:  4/4        EV: 11    Int:  6    God:    Trog [*.....]
Gold:   132        SH:  0    Dex: 10    Spells: 3/3 levels left

rFire    . . .     SeeInvis +   a - +0 hand axe
rCold    . . .     Faith    .   (no shield)
rNeg     . . .     Spirit   .   f - +0 ring mail
rPois    .         Reflect  .   (helmet unavailable)
rElec    .         Harm     .   (no cloak)
rCorr    .         Rampage  .   (no gloves)
Will     .....                  (no boots)
Stlth    ..........             (no amulet)
HPRegen  0.12/turn              (no ring)
MPRegen  0.09/turn              (no ring)

@: no status effects
A: permanent stasis, dig shafts and tunnels, antennae 3, four strong arms
a: Dig, Shaft Self, Renounce Religion


You were on level 3 of the Dungeon.
You worshipped Trog.
Trog was aware of your devotion.
You visited 1 branch of the dungeon, and saw 3 of its levels.

You collected 132 gold pieces.

Inventory:

Hand Weapons
 a - a +0 hand axe (weapon)
Armour
 f - a +0 ring mail (worn)
Scrolls
 e - a scroll of silence {unknown}


   Skills:
 + Level 3.7 Fighting
 * Level 3.7 Axes
 + Level 2.8 Armour
 + Level 2.2 Dodging


You had 3 spell levels left.
You didn't know any spells.
Your spell library was empty.

Dungeon Overview and Level Annotations

Branches:
Dungeon (3/15)

Altars:

Shops:
D:3 ?

Annotations:
D:2 Sigmund
D:3 Terence


Innate Abilities, Weirdness & Mutations

You cannot be hasted, slowed, berserked, paralysed or teleported.
You can dig through walls and to a lower floor.
You have a pair of large antennae on your head. (SInv)
Your four strong arms can wield two-handed weapons with a shield.


Message History

You feel strong-willed.
You can no longer call upon Trog for regeneration and willpower.
Terence barely misses you. Terence completely misses you.
You closely miss Terence.
Terence is moderately wounded.
Terence barely misses you.
You hit Terence but do no damage.
Terence is moderately wounded.
Terence barely misses you.
You hit Terence.
Terence is heavily wounded.
Terence hits you with a +0 hand axe.
You hit Terence but do no damage.
Terence is heavily wounded.
Terence hits you with a +0 hand axe.
You barely miss Terence.
Terence is heavily wounded.
Terence hits you with a +0 hand axe.
You hit Terence but do no damage.
Terence is heavily wounded.
Terence hits you with a +0 hand axe!
* * * LOW HITPOINT WARNING * * *
You feel the effects of Trog's Hand fading.
Your skin stops crawling.
You feel less strong-willed.
Okay, then.
You hit Terence but do no damage.
Terence is moderately wounded.
Terence shouts, "ATTACK!!!"
Terence hits you with a +0 hand axe!
* * * LOW HITPOINT WARNING * * *
You extend your mandibles.
You retract your mandibles.
Are you sure you want to shaft yourself?
Terence hits you with a +0 hand axe!
* * * LOW HITPOINT WARNING * * *
You begin to dig a shaft.
You continue digging a shaft.
Terence asks, "Do you want it fast or slow?"
Terence hits you with a +0 hand axe.
You die...

#.#...# #.##........
##.#...### #.##........
#........# #>##..#####.
#.#......# #.##..# #.
#........######.....#
#.
####............)#..#
#.
#................#####.
###..#######...........
#..@@................
#..####.####...###.##
#..# #.# #...##....
#..# #.# #...##..##
#..####.## #...##..#
#........###.......#
#.....<........###.#
##.####.#.####.# #.#
#.###....####.# #.#


You could see Terence.

Vanquished Creatures
  An adder skeleton (D:2)
  A dart slug (D:3)
  5 endoplasms
  2 giant cockroaches
  7 goblins
  6 hobgoblins
  2 jackals (D:1)
  3 quokkas
  2 ball pythons
  4 bats
  5 kobolds
  3 rats
41 creatures vanquished.

Notes
Turn   | Place    | Note
-------+----------+-------------------------------------------
     0 | D:1      | Spaninq the Formicid Berserker began the quest for the Orb.
     0 | D:1      | Reached XP level 1. HP: 18/18 MP: 1/1
    65 | D:1      | Reached XP level 2. HP: 21/24 MP: 2/2
   791 | D:1      | Reached XP level 3. HP: 21/29 MP: 3/3
  1400 | D:2      | Noticed Sigmund
  1981 | D:2      | Reached ** piety under Trog
  2174 | D:3      | Reached XP level 4. HP: 30/37 MP: 4/4
  2409 | D:3      | Found Gaima's Magic Scroll Emporium.
  2515 | D:3      | Found a faded altar of an unknown god.
  2537 | D:3      | Noticed Terence
  2696 | D:3      | HP: 1/37 [Terence (7)]
  2697 | D:3      | Slain by Terence

Illustrated notes

Levels and vault maps discovered:
D:1:      matt_arrival_grand_opening, layout_basic, interstate_on_off
D:2:      layout_basic, st_stairs_7, uniq_sigmund
D:3:      layout_loops_ring, nicolae_tso_swordbearing_angel,
          ebering_ecumenical_altar_box, serial_shops, nicolae_shop_waterfront,
          uniq_terence

Skill      XL: |  1  2 |
---------------+-------+-----
Dodging        | 2 |  2.2
Fighting       | |  3.7
Axes           | |  3.7
Armour         | |  2.8

Action                   |  1- 3 |  4- 6 || total
-------------------------+-------+-------++-------
Melee: Hand axe          |   113 |    35 ||   148
Invok: Trog's Hand       |       |     2 ||     2
 Abil: Dig               |       |     3 ||     3
       Shaft Self        |       |     1 ||     1
  Use: Scroll            |       |     1 ||     1
Armor: Leather armour    |    36 |       ||    36
       Ring mail         |     3 |     5 ||     8
Dodge: Dodged            |    71 |    13 ||    84
